 Dungeon Crawl Stone Soup version 0.20-a0-201-g851c6fa (webtiles) character file.

28034 KristoblXynda the Slicer (level 13, -1/83 HPs)
             Began as a Kobold Berserker on Nov 24, 2016.
             Was a High Priest of Trog.
             Slain by confidenceinterval's ghost (17 damage)
             ... on level 4 of the Lair of Beasts.
             The game lasted 00:46:32 (16421 turns).

KristoblXynda the Slicer (Kobold Berserker)        Turns: 16421, Time: 00:46:33

Health: -1/83      AC: 20    Str: 20    XL:     13   Next: 70%
Magic:  22/22      EV: 23    Int: 11    God:    Trog [*****.]
Gold:   1515       SH:  0    Dex: 17    Spells: 12/12 levels left

rFire  + . .     SeeInvis .     d - +2 quick blade (flame)
rCold  . . .     Gourm    .     t - +3 scale mail {rF+}
rNeg   . . .     Faith    .     (shield restricted)
rPois  +         Spirit   .     P - +2 hat
rElec  .         Reflect  .     A - +2 cloak
rCorr  .         Harm     .     E - +0 pair of gloves
MR     .....                    (no boots)
Stlth  +++.......               o - amulet of regeneration
                                h - +3 ring of evasion
                                m - ring of poison resistance

@: lethally poisoned (-1 -> -2), exhausted, slowed, very slow
A: iridescent scales 1, agile 1, carnivore 3, clever 1, robust 1, strong 1
a: Berserk, Trog's Hand, Brothers in Arms, Burn Spellbooks, Renounce Religion


You were on level 4 of the Lair of Beasts.
You worshipped Trog.
Trog was extremely pleased with you.
You were full.

You visited 4 branches of the dungeon, and saw 16 of its levels.
You also visited: Labyrinth, Ossuary and Volcano.

You collected 1515 gold pieces.

Inventory:

Hand Weapons
 d - a +2 quick blade of flaming (weapon)
 n - a +7 antimagic quick blade
 q - a +4 quick blade
Missiles
 g - 5 throwing nets (quivered)
Armour
 t - a +3 scale mail of fire resistance (worn)
 A - a +2 cloak (worn)
 E - a +0 pair of gloves (worn)
 K - a +2 scale mail of magic resistance
 P - a +2 hat (worn)
Rods
 w - a -1 iron rod (10/10)
   (You found it on level 5 of the Dungeon)
Jewellery
 h - a +3 ring of evasion (right hand)
 m - a ring of poison resistance (left hand)
 o - an amulet of regeneration (around neck)
Wands
 u - a wand of paralysis (12/24)
 C - a wand of hasting (4/9)
 I - a wand of lightning (0/15)
 J - a wand of digging (13/24)
 U - a wand of iceblast (2/15)
Scrolls
 b - 6 scrolls of teleportation
 e - a scroll of magic mapping
 y - a scroll of fear
 D - a scroll of remove curse
 H - a scroll of identify
 L - a scroll of blinking
Potions
 a - a potion of resistance {unknown}
 i - 4 potions of might
 j - 6 potions of curing
 k - 2 potions of lignification
 l - 2 potions of heal wounds
 p - 3 potions of brilliance {unknown}
 r - a potion of flight
 s - 2 potions of berserk rage
 x - a potion of magic
Books
 v - a book of Changes

   Spells                             Type                      Level
   a - Beastly Appendage              Transmutation                1
   b - Sticks to Snakes               Transmutation                2
   c - Spider Form                    Transmutation/Poison         3
   d - Ice Form                       Ice/Transmutation            4
   e - Blade Hands                    Transmutation                5
   Trog disapproves of the use of such an item.
 B - a book of Cantrips

   Spells                             Type                      Level
   a - Confusing Touch                Hexes                        1
   b - Animate Skeleton               Necromancy                   1
   c - Summon Small Mammal            Summoning                    1
   d - Apportation                    Translocation                1
   Trog disapproves of the use of such an item.
Miscellaneous
 F - a fan of gales
 G - a phial of floods
Comestibles
 c - 5 meat rations
 f - 3 slices of pizza
 z - 3 beef jerkies


   Skills:
 + Level 7.3 Fighting
 - Level 13.3 Short Blades
 - Level 5.0 Throwing
 + Level 9.4 Armour
 + Level 11.0 Dodging
 - Level 8.4 Stealth
 - Level 12.3 Evocations


You had 12 spell levels left.
You didn't know any spells.

Dungeon Overview and Level Annotations

Branches:
Dungeon (10/15)            Temple (1/1) D:6            Lair (4/6) D:10
  Swamp (1/4) Lair:2        Snake (0/4) Lair:3
    Orc: D:9-12

Altars:
Ashenzari
Cheibriados
Dithmenos
Elyvilon
Fedhas
Gozag
Hepliaklqana
Kikubaaqudgha
Makhleb
Nemelex Xobeh
Okawaru
Qazlal
Ru
Sif Muna
Trog
Uskayaw
Vehumet
Xom
Yredelemnul
Zin
The Shining One

Annotations:
Lair:1 exclusion: 3 oklob plants
Lair:4 confidenceinterval's ghost, journeyman DsGl


Innate Abilities, Weirdness & Mutations

You are small and have problems with some larger weapons.
You are carnivorous and can eat meat at any time.
You are partially covered in iridescent scales. (AC +2)
You are agile. (Dex +2)
Your mind is acute. (Int +2)
You are robust. (+10% HP)
Your muscles are strong. (Str +2)


Message History

Zapping:
U - a wand of iceblast (?/15) (will waste charges)
Press: ? - help, Shift-Dir - straight line, f - confidenceinterval's ghost
Aim: confidenceinterval's ghost, wielding a weapon of venom (almost destroyed)
The mass of ice explodes!
The iceblast engulfs confidenceinterval's ghost.
Confidenceinterval's ghost is almost destroyed.
Evoking this partially-identified wand wasted a few charges.
Your skill with magical items lets you calculate the power of this device...
This wand has 2 charges left.
You feel sick.
You hit confidenceinterval's ghost but do no damage.
Confidenceinterval's ghost is almost destroyed.
You barely miss confidenceinterval's ghost.
Confidenceinterval's ghost is almost destroyed.
You feel sick. Confidenceinterval's ghost hits you!
* * * LOW HITPOINT WARNING * * *
You feel much better.
You feel sick. Confidenceinterval's ghost hits you!
* * * LOW HITPOINT WARNING * * *
Your troll goes berserk!
You feel sick. Confidenceinterval's ghost hits you!
You die...

.### ##...#.#.......# ...#
##...#..........# ..#......
#...#...........# ..#
......##...#..........
.###.... #.#..#.#### .P..##
..#...#P #....#.#.###..$.#
..#...## #P.............##
..#PPP.####...............#
#...............@W........#
##........................#
##..............T........#
##......................# .
#......................# ..
##.....(.....#.##.#...##
#.. #..###......#..##....#
#⌠.<#P...#......#...##...#
#.......##.....##...##...#


You could see confidenceinterval's ghost and a friendly troll (berserk).

Vanquished Creatures
  Gastronok (D:9)
  A minotaur (Lab)
  2 hydras
  2 skeletal warriors (Volcano)
  The ghost of Nuatha the Sneak, a novice DsGl of Uskayaw (D:7)
  The ghost of Soeti the Cleaver, a novice DsFi of Makhleb (D:8)
  3 elephants (Lair:3)
  7 black mambas
  4 spiny frogs
  5 gargoyles (Volcano)
  3 komodo dragons
  Grinder (D:4)
  10 blink frogs
  A minotaur skeleton (Lab)
  Prince Ribbit (D:9)
  4 harpy skeletons (Volcano)
  6 hippogriffs
  2 shadows (Lab)
  3 alligator skeletons (Volcano)
  2 flying skulls (Volcano)
  A yak (D:9)
  2 basilisks
  A wyvern (Lair:3)
  5 hungry ghosts
  3 vampire mosquitoes (Lair:2)
  Menkaure (D:6)
  A steam dragon (D:10)
  2 wargs (D:10)
  9 water moccasins
  7 porcupines
  3 sky beasts
  A hornet zombie (D:9)
  5 orc warriors
  3 phantoms
  10 ogres
  4 centaurs
  6 crocodiles
  3 big kobolds
  2 gnoll sergeants (D:8)
  9 bullfrogs
  4 water moccasin zombies (Ossuary)
  4 scorpions
  9 killer bees
  4 wights (D:8)
  3 howler monkeys
  A spriggan skeleton (Volcano)
  7 crimson imps
  10 hounds
  6 orc priests
  2 bullfrog skeletons
  2 jellies (D:6)
  A gnoll shaman (D:8)
  2 iguanas
  6 orc wizards
  6 worker ants
  2 killer bee zombies
  A big kobold zombie (Ossuary)
  3 naga skeletons (Volcano)
  2 hound zombies
  2 hound skeletons
  2 mummies (Ossuary)
  A worker ant zombie (D:6)
  A howler monkey zombie (D:8)
  14 gnolls
  15 adders
  A shadow imp (D:10)
  An adder zombie (Ossuary)
  An adder skeleton (D:7)
  3 worms
  2 dart slugs
  3 leopard geckos
  42 orcs
  7 bats
  6 giant cockroaches
  9 goblins
  12 hobgoblins
  8 jackals
  27 kobolds
  5 quokkas
  4 ball pythons
  5 frilled lizards
  A giant cockroach zombie (D:6)
  5 hobgoblin zombies (Ossuary)
  A jackal zombie (D:7)
  3 kobold zombies (Ossuary)
  A leopard gecko skeleton (D:5)
  6 orc zombies (Ossuary)
  2 quokka skeletons
  13 rats
416 creatures vanquished.

Vanquished Creatures (others)
  A flying skull (Volcano)
  2 orc wizards
  An orc (D:10)
  A fungus (Lair:3)
  9 plants
14 creatures vanquished.

Grand Total: 430 creatures vanquished

Notes
Turn   | Place    | Note
-------+----------+-------------------------------------------
     0 | D:1      | KristoblXynda the Kobold Berserker began the quest for the Orb.
     0 | D:1      | Reached XP level 1. HP: 14/14 MP: 1/1
    73 | D:1      | Reached skill level 1 in Stealth
   125 | D:1      | Reached XP level 2. HP: 16/19 MP: 2/2
   600 | D:1      | Reached XP level 3. HP: 22/23 MP: 3/3
  1107 | D:2      | Reached ** piety under Trog
  1386 | D:2      | Reached XP level 4. HP: 14/28 MP: 4/4
  1754 | D:2      | Found a snail-covered altar of Cheibriados.
  1813 | D:2      | Reached skill level 5 in Short Blades
  2209 | D:3      | Reached XP level 5. HP: 28/32 MP: 3/5
  2257 | D:3      | Found an iron altar of Okawaru.
  2271 | D:3      | Found a snail-covered altar of Cheibriados.
  2271 | D:3      | Found a shattered altar of Ashenzari.
  2586 | D:3      | Reached XP level 6. HP: 37/37 MP: 6/6
  2852 | D:3      | Gained mutation: You are robust. (+10% HP) [potion of beneficial mutation]
  3308 | D:4      | Reached skill level 6 in Short Blades
  3626 | D:4      | Reached skill level 5 in Dodging
  3626 | D:4      | Reached skill level 5 in Stealth
  3756 | D:4      | Noticed an ogre
  3766 | D:4      | Killed an ogre
  3766 | D:4      | Reached XP level 7. HP: 45/45 MP: 4/7
  3906 | D:4      | Noticed Grinder
  3924 | D:4      | Paralysed by Grinder for 5 turns
  3930 | D:4      | Killed Grinder
  3930 | D:4      | Reached *** piety under Trog
  3930 | D:4      | Reached skill level 7 in Short Blades
  4047 | D:5      | Entered Level 5 of the Dungeon
  4276 | D:5      | Reached XP level 8. HP: 47/50 MP: 8/8
  4733 | D:6      | Reached skill level 8 in Short Blades
  4824 | D:6      | Found a sand-covered staircase.
  4829 | Ossuary  | Entered an ossuary
  5060 | Ossuary  | Reached skill level 1 in Evocations
  5129 | Ossuary  | Gained mutation: You are partially covered in iridescent scales. (AC +2) [potion of beneficial mutation]
  5324 | D:6      | Reached XP level 9. HP: 46/56 MP: 8/10
  5349 | D:6      | Noticed Menkaure
  5361 | D:6      | Killed Menkaure
  5361 | D:6      | Reached skill level 9 in Short Blades
  5426 | D:6      | Found a staircase to the Ecumenical Temple.
  5828 | Temple   | Entered the Ecumenical Temple
  6289 | D:6      | Reached **** piety under Trog
  6561 | D:7      | Noticed a moth of wrath
  6580 | D:7      | Found a bloodstained altar of Trog.
  6727 | D:7      | Gained mutation: Your muscles are strong. (Str +2) [mutagenic meat]
  6728 | D:7      | Gained mutation: You are agile. (Dex +2) [mutagenic meat]
  6729 | D:7      | Gained mutation: You are very agile. (Dex +4) [mutagenic meat]
  6730 | D:7      | Lost mutation: You are very agile. (Dex +4) [mutagenic meat]
  6797 | D:7      | Reached skill level 10 in Short Blades
  6846 | D:7      | Reached skill level 5 in Evocations
  7237 | D:7      | Noticed Nuatha's ghost (novice DsGl)
  7311 | D:7      | Killed Nuatha's ghost
  7311 | D:7      | Reached skill level 11 in Short Blades
  7311 | D:7      | Reached XP level 10. HP: 47/61 MP: 14/14
  7498 | D:7      | Found a hazy altar of Hepliaklqana.
  7865 | D:8      | Noticed Soeti's ghost (novice DsFi)
  7894 | D:8      | Killed Soeti's ghost
  8230 | D:8      | Reached ***** piety under Trog
  8791 | D:8      | Reached skill level 12 in Short Blades
  8791 | D:8      | Reached skill level 5 in Armour
  8919 | D:8      | Reached XP level 11. HP: 66/66 MP: 17/17
  9405 | D:9      | Noticed Prince Ribbit
  9496 | D:9      | Killed Prince Ribbit
  9808 | D:9      | Noticed Gastronok
  9849 | D:9      | Killed Gastronok
 10142 | D:10     | Entered Level 10 of the Dungeon
 10729 | D:10     | Reached skill level 10 in Evocations
 10850 | D:10     | Noticed a death yak
 11064 | D:10     | Found a staircase to the Lair.
 11086 | Lair:1   | Entered Level 1 of the Lair of Beasts
 11124 | Lair:1   | Gained mutation: Your mind is acute. (Int +2) [potion of beneficial mutation]
 11208 | Lair:1   | Noticed an oklob plant
 11214 | Lair:1   | Found a labyrinth entrance.
 11214 | Lair:1   | Noticed an oklob plant
 11214 | Lair:1   | Noticed an oklob plant
 11220 | Lab      | Entered a labyrinth
 11487 | Lab      | Reached skill level 5 in Throwing
 11487 | Lab      | Reached XP level 12. HP: 72/72 MP: 19/19
 11519 | Lab      | Received a gift from Trog
 11736 | Lab      | Noticed a minotaur
 11751 | Lab      | Killed a minotaur
 11754 | Lab      | Got a shimmering trident {venom}
 11917 | Lair:1   | Noticed an eight-headed hydra
 11944 | Lair:1   | Killed an eight-headed hydra
 11944 | Lair:1   | Reached skill level 13 in Short Blades
 12000 | Lair:1   | Identified the cursed +3 trident "Aubergine" {venom, Dex+7 SInv} (You took it off a minotaur in a labyrinth)
 12534 | Lair:1   | Got a wizard robe
 12545 | Lair:1   | Identified the +1 robe of the Ego {Stlth+} (You found it on level 1 of the Lair of Beasts)
 13057 | Lair:2   | Found a staircase to the Swamp.
 13658 | Swamp:1  | Entered Level 1 of the Swamp
 13729 | Lair:3   | Found a dark tunnel.
 13736 | Volcano  | Entered a volcano
 14076 | Volcano  | Reached XP level 13. HP: 55/77 MP: 7/22
 14331 | Volcano  | Reached skill level 5 in Fighting
 14638 | Lair:3   | Reached skill level 10 in Dodging
 14750 | Lair:3   | Found a staircase to the Snake Pit.
 15051 | Lair:3   | Reached ****** piety under Trog
 15051 | Lair:3   | Received a gift from Trog
 15781 | Lair:4   | Noticed an eight-headed hydra
 15796 | Lair:4   | Killed an eight-headed hydra
 16353 | Lair:4   | Noticed confidenceinterval's ghost (journeyman DsGl)
 16421 | Lair:4   | Slain by confidenceinterval's ghost

Vault maps used:
D:1:      minmay_arrival_shoal_huts
D:2:      first_bread, kennysheep_slug_shrine
D:3:      wad_river_or_something, gammafunk_temple_overflow_wave,
          kennysheep_okawaru_gauntlet
D:4:      uniq_grinder
D:6:      enter_ossuary_5, uniq_menkaure
D:7:      kennysheep_little_box, grunt_ogre_cave, tgw_trog
D:8:      kennysheep_housing_project, special_room, roderic_lattice_a
D:9:      uniq_prince_ribbit1, uniq_gastronok
D:10:     david_lair_generic, david_orc_1_choice
Temple:   dpeg_five_rooms_temple
Lair:1:   lab_entry_generic, serial_bayou_shore_b, serial_bayou_shore_b,
          minmay_lair_oklob_chamber, grunt_megastairs_3
Lair:2:   minmay_swamp_entry_swarm, infiniplex_staircase_pool_2,
          grunt_megastairs_4
Lair:3:   minmay_snake_entry_six_corridors, nicolae_volcano_entry_lava_flow,
          serial_bayou_shore_a
Lair:4:   grunt_megastairs_5
Swamp:1:  evilmike_swamp_ruin_rubble_2
Lab:      labyrinth_watery, nicolae_lab_t_cross, nicolae_lab_grate_2,
          lab_fountain, nicolae_lab_big_swirl
Ossuary:  ossuary_tomb_2
Volcano:  volcano_tomb

Skill      XL: |  1  2  3  4  5  6  7  8  9 10 11 12 13 |
---------------+----------------------------------------+-----
Stealth        | 1 2 3 4 5 6 8 |  8.4
Dodging        | 3 4 5 6 7 8 9 11 | 11.0
Short Blades   | 5 6 7 8 11 12 13 | 13.3
Armour         | 2 3 4 5 6 8 9 |  9.4
Evocations     | 2 6 8 10 12 | 12.3
Fighting       | 4 7 |  7.3
Throwing       | 5 |  5.0

Action                   |  1- 3 |  4- 6 |  7- 9 | 10-12 | 13-15 || total
-------------------------+-------+-------+-------+-------+-------++-------
Melee: Short sword       |    96 |   225 |   653 |   936 |       ||  1910
       Quick blade       |       |       |       |   329 |   598 ||   927
Invok: Berserk           |       |     5 |     5 |     7 |     3 ||    20
       Trog's Hand       |       |       |     1 |     2 |       ||     3
       Brothers in Arms  |       |       |       |       |     1 ||     1
Evoke: Wand              |       |       |       |     4 |     1 ||     5
       Rod               |       |       |       |     2 |       ||     2
  Use: Scroll            |       |    13 |     8 |    17 |     2 ||    40
       Potion            |       |     1 |     2 |     3 |     3 ||     9
 Stab: Sleeping          |     3 |     6 |     5 |     9 |     2 ||    25
  Eat: Chunk             |     4 |    17 |    20 |    29 |    13 ||    83
       Pizza             |       |       |       |     2 |       ||     2
       Beef jerky        |       |       |       |     3 |     1 ||     4
Armor: Animal skin       |    19 |     8 |       |       |       ||    27
       Scale mail        |       |    18 |    71 |   192 |    44 ||   325
       Skin              |       |       |    24 |    64 |    17 ||   105
       Robe              |       |       |     2 |     4 |       ||     6
Dodge: Dodged            |    71 |    82 |   211 |   601 |   201 ||  1166
